 Dungeon Crawl Stone Soup version 0.21.1-1-g345015f (webtiles) character file.

4 shakethe the Grave Robber (level 1, -7/14 HPs)
             Began as a Demonspawn Necromancer on Feb 18, 2018.
             Mangled by a gnoll (9 damage)
             ... on level 1 of the Dungeon.
             The game lasted 00:01:36 (217 turns).

shakethe the Grave Robber (Demonspawn Necromancer)   Turns: 217, Time: 00:01:37

Health: -7/14      AC:  3    Str:  8    XL:     1   Next: 50%
Magic:  0/3        EV: 12    Int: 16    God:
Gold:   34         SH:  0    Dex: 13    Spells: 3/4 levels left

rFire    . . .     SeeInvis .   e - +0 club
rCold    . . .     Gourm    .   (no shield)
rNeg     . . .     Faith    .   a - +0 robe
rPois    .         Spirit   .   d - +0 helmet
rElec    .         Reflect  .   (no cloak)
rCorr    .         Harm     .   (no gloves)
MR       .....                  (no boots)
Stlth    ++........             (no amulet)
HPRegen  0.04/turn              (no ring)
MPRegen  0.08/turn              (no ring)

@: no status effects
A: no striking features
a: no special abilities


You were on level 1 of the Dungeon.
You were not hungry.

You visited 1 branch of the dungeon, and saw 1 of its levels.

You collected 34 gold pieces.

Inventory:

Hand Weapons
 e - a +0 club (weapon)
   (You took it off a goblin on level 1 of the Dungeon)
Armour
 a - a +0 robe (worn)
 d - a +0 helmet (worn)
   (You found it on level 1 of the Dungeon)
 f - a +0 pair of gloves
   (You found it on level 1 of the Dungeon)
Scrolls
 g - a scroll of teleportation {unknown}
 h - a scroll of identify {unknown}
Books
 b - a book of Necromancy
Comestibles
 c - 3 rations


   Skills:
 + Level 0.3 Fighting
 - Level 1.7 Dodging
 - Level 1.7 Stealth
 + Level 2.1 Spellcasting
 + Level 4.5 Necromancy


You had 3 spell levels left.
You knew the following spells:

 Your Spells              Type           Power        Failure   Level  Hunger
a - Pain                  Necr           ###.         3%          1    #......


Dungeon Overview and Level Annotations

Branches:
Dungeon (1/15)

Altars:


Message History

Welcome, shakethe the Demonspawn Necromancer.
Will you be the one to retrieve the fabulous Orb of Zot from the depths?
Found a ration.
Found a staircase leading out of the dungeon.
There is a dry fountain here.
c - 2 rations (gained 1)
d - a helmet A goblin comes into view. It is wielding a club.
The goblin shouts!
You can't see any susceptible monsters within range! (Use Z to cast anyway.)
Aim: a goblin, wielding a club (chance to defeat MR: 85%)
The goblin writhes in agony!
You kill the goblin!
You now have 2/3 mp. (m)acro, (M)acro raw, keymap [(k) default, (x) level-map, (t)argeting, (c)onfirm, m(e)nu], (s)ave?
Input macro trigger key: 1 Input macro action: ===HDAtravel Created macro '1' => '===HDAtravel'.
e - a club
e - a +0 club (weapon)
MP restored: 3 You start putting on your armour.
You continue putting on your helmet. x2
Keep equipping yourself? [Y]es or [N]o only, please.
Keep equipping yourself?
You continue putting on your helmet. x2
You finish putting on your +0 helmet.
Aim: a goblin (chance to defeat MR: 85%)
The goblin writhes in agony!
You kill the goblin!
You take 1 damage, and have 12/13 hp.
You now have 2/3 mp.
You now have 17 gold pieces.
f - a pair of gloves Health restored: 13; MP restored: 3 You now have 26 gold pieces (gained 9).
g - a scroll labeled QANAOL DUOMIO
Found a stone staircase leading down.
h - a scroll labeled CATUT SIPNECSU
c - 3 rations (gained 1)
You now have 34 gold pieces (gained 8).
Found a stone staircase leading down.
A hobgoblin comes into view.
You can't see any susceptible monsters within range! (Use Z to cast anyway.)
A hobgoblin is nearby!
The hobgoblin shouts!
Aim: a hobgoblin (chance to defeat MR: 85%)
The hobgoblin barely resists.
You take 1 damage, and have 12/13 hp.
You now have 2/3 mp.
Aim: a hobgoblin (chance to defeat MR: 85%)
The hobgoblin writhes in agony!
You take 1 damage, and have 11/13 hp.
You now have 1/3 mp.
Aim: a hobgoblin (moderately wounded, chance to defeat MR: 85%)
The hobgoblin writhes in agony!
You kill the hobgoblin!
You now have 0/3 mp.
You don't know that spell.
You see here a hobgoblin corpse.
You start resting.
A gnoll comes into view.
A gnoll is nearby!
Aim: a gnoll (hasn't noticed you, chance to defeat MR: 81%)
The gnoll shouts!
The gnoll writhes in agony!
You now have 0/3 mp.
You see here a hobgoblin corpse.
You don't have enough magic to cast that spell.
You see here 12 poisoned needles.
Aim: a gnoll (lightly wounded, chance to defeat MR: 81%)
The gnoll writhes in agony!
The gnoll barely misses you.
You take 1 damage, and have 10/14 hp.
You now have 1/3 mp.
Aim: a gnoll (lightly wounded, chance to defeat MR: 81%)
The gnoll writhes in agony!
The gnoll barely misses you.
You take 1 damage, and have 9/14 hp.
You now have 0/3 mp.
You hit the gnoll. The gnoll hits you.
* * * LOW HITPOINT WARNING * * *
You take 5 damage, and have 4/14 hp.
MASSIVE DAMAGE!!
The gnoll hits you.
* * * LOW HITPOINT WARNING * * *
You take 2 damage, and have 2/14 hp.
Aim: a gnoll (heavily wounded, chance to defeat MR: 81%)
The gnoll writhes in agony!
The gnoll barely misses you.
You take 1 damage, and have 2/14 hp.
You now have 0/3 mp.
You barely miss the gnoll. The gnoll completely misses you.
You don't have enough magic to cast that spell.
You hit the gnoll. The gnoll barely misses you. The gnoll hits you!
Ouch! That really hurt!
You die...

##### ##.@.## .. .#
##..g..## #. .###
##.......## .. ...#
##..⌠...⌠..## #. .#.#
##...........## #.
...###.⌠....⌠....⌠.# #.
...##...............
#.#..##..⌠...⌠...⌠...⌠.
#...##.................


You could see a gnoll.

Vanquished Creatures
  2 goblins (D:1)
  A hobgoblin (D:1)
3 creatures vanquished.

Notes
Turn   | Place    | Note
-------+----------+-------------------------------------------
     0 | D:1      | shakethe the Demonspawn Necromancer began the quest for the Orb.
     0 | D:1      | Reached XP level 1. HP: 13/13 MP: 3/3
   201 | D:1      | HP: 2/14 [gnoll (2)]
   217 | D:1      | Mangled by a gnoll

Action                   || total
-------------------------++-------
Melee: Club              ||     3
 Cast: Pain              ||     9
Dodge: Dodged            ||     5

Vault maps used:
D:1:      dpeg_arrival_lava_temple_mockup, minmay_pentomino_w4

Table legend:
 A = Turns spent in this place as a percentage of turns spent in the entire game.
 B = Non-inter-level travel turns spent in this place as a percentage of non-inter-level travel turns spent in the entire game.
 C = Inter-level travel turns spent in this place as a percentage of turns spent in this place.
 D = Turns resting spent in this place as a percentage of non-inter-level travel turns spent in this place.
 E = Turns spent auto-exploring this place as a percentage of non-inter-level travel turns spent in this place.
 F = Non-inter-level travel turns spent in this place divided by the number of levels of this place that you've seen.
                   A       B       C       D       E      F
               +-------+-------+-------+-------+-------+----------------------
         Total | 100.0 | 100.0 |   0.0 |   6.0 |  61.3 | 217.0
       Dungeon | 100.0 | 100.0 |   0.0 |   6.0 |  61.3 | 217.0
               +-------+-------+-------+-------+-------+----------------------

Table legend:
 A = Kills in this place as a percentage of kills in entire the game.
 B = Kills by you in this place as a percentage of kills by you in the entire game.
 C = Kills by friends in this place as a percentage of kills by friends in the entire game.
 D = Other kills in this place as a percentage of other kills in the entire game.
 E = Experience gained in this place as a percentage of experience gained in the entire game.
 F = Experience gained in this place divided by the number of levels of this place that you have seen.
                   A       B       C       D       E      F
               +-------+-------+-------+-------+-------+----------------------
         Total | 100.0 | 100.0 |   N/A |   N/A | 100.0 |   6.0
       Dungeon | 100.0 | 100.0 |   N/A |   N/A | 100.0 |   6.0
               +-------+-------+-------+-------+-------+----------------------
